 Dungeon Crawl Stone Soup version 0.30-a0-702-gdf48620a09 (webtiles) character file.

Game seed: 13534347703747178497

9163 drugrobin the Grappler (level 11, -8/87 (101) HPs)
             Began as a Demigod Delver on Jan 21, 2023.
             Mangled by an orange demon (11 damage)
             ... led by Amaemon
             ... on level 11 of the Dungeon.
             The game lasted 00:28:33 (11210 turns).

drugrobin the Grappler (Demigod Delver)            Turns: 11210, Time: 00:28:33

HP:   -8/87 (101)   AC: 13    Str: 25    XL:     11   Next: 0%
MP:   14/14         EV:  8    Int: 12    God:
Gold: 1144          SH:  8    Dex: 15    Spells: 10/10 levels left

rFire   . . .      SeeInvis .      - Unarmed
rCold   . . .      Faith    .    t - +0 buckler
rNeg    . . .      Spirit   .    i - +2 chain mail {rPois}
rPois   +          Reflect  +    m - +0 helmet
rElec   .          Harm     .    (no cloak)
rCorr   .          Rampage  .    z - +0 pair of gloves
Will    +....                    q - +0 pair of boots Stlth
                                 P - amulet of reflection
HPRegen 0.34/turn                E - ring of wizardry
MPRegen 0.14/turn                (no ring)

@: hasted, heavily drained, very quick
A: high MP 1, forlorn, divine attributes
a: no special abilities


You were on level 11 of the Dungeon.
You visited 1 branch of the dungeon, and saw 11 of its levels.
You visited the Abyss 1 time.

You collected 1144 gold pieces.

Inventory:

Hand Weapons
 b - the +10 short sword "Inezxace" {drain, rF+ Dex+4}
   (You found it on level 3 of the Dungeon)

   Dex:       It affects your dexterity (+4).
   rF:        It protects you from fire.
 c - the +5 dagger of the Depths {chaos, rPois rN+ Str+3}
   (You took it off a kobold brigand on level 5 of the Dungeon)

   Str:       It affects your strength (+3).
   rPois:     It protects you from poison.
   rN:        It protects you from negative energy.
 d - a +0 sling
Missiles
 j - 35 poisoned darts
 s - 12 boomerangs (quivered)
Armour
 a - the +0 ring mail of Dim Light {rCorr Int+3 Dex+3}
   (You took it off an orc priest on level 8 of the Dungeon)

   Int:       It affects your intelligence (+3).
   Dex:       It affects your dexterity (+3).
   rCorr:     It protects you from acid and corrosion.
 i - a +2 chain mail of poison resistance (worn)
 m - a +0 helmet (worn)
 q - a +0 pair of boots (worn)
 t - a +0 buckler (worn)
 z - a +0 pair of gloves (worn)
 Q - the +4 ring mail "Zemn" {-Tele rN+++ Will- Regen+}
   (You found it on level 8 of the Dungeon)

   rN:        It renders you almost immune to negative energy.
   -Tele:     It prevents most forms of teleportation.
   Regen:     It increases your rate of health regeneration.
   Will:      It decreases your willpower.
Jewellery
 E - a ring of wizardry (left hand)
 P - an amulet of reflection (around neck)
Wands
 f - a wand of digging (6)
 C - a wand of charming (2)
 I - a wand of mindburst (10)
 K - a wand of quicksilver (4)
 N - a wand of polymorph (9)
Scrolls
 h - a scroll of vulnerability
 l - 4 scrolls of fog
 n - 2 scrolls of silence
 p - 6 scrolls of enchant weapon
 u - 2 scrolls of immolation
 v - 3 scrolls of blinking
 y - 2 scrolls of summoning {unknown}
 A - a scroll of fear
 D - 2 scrolls of amnesia
 G - 3 scrolls of poison
 J - a scroll of magic mapping
 O - a scroll of teleportation
Potions
 e - a potion of haste
 g - a potion of attraction {unknown}
 k - 2 potions of resistance {unknown}
 o - a potion of flight {unknown}
 r - 2 potions of might {unknown}
 w - 4 potions of heal wounds {unknown}
 x - 2 potions of brilliance {unknown}
 F - 3 potions of curing {unknown}
 L - 2 potions of magic {unknown}
 M - 2 potions of ambrosia {unknown}


   Skills:
 + Level 10.8 Fighting
 - Level 1.7 Dodging
 - Level 4.5 Stealth
 * Level 12.4 Unarmed Combat


You had 10 spell levels left.
You didn't know any spells.
Your spell library contained the following spells:

 Spells                   Type           Power      Damage    Failure   Level
 Sublimation of Blood     Necr           0%         N/A       89%         2
 Inner Flame              Hex/Fire       0%         N/A       98%         3
 Animate Dead             Necr           0%         N/A       100%        4
 Cause Fear               Hex            0%         N/A       100%        4
 Flame Wave               Conj/Fire      0%         2d4       100%        4
 Leda's Liquefaction      Hex/Erth       0%         N/A       100%        4
 Petrify                  Tmut/Erth      0%         N/A       100%        4
 Sticky Flame             Conj/Fire      0%         2d3       100%        4
 Borgnjor's Vile Clutch   Necr/Erth      0%         N/A       100%        5
 Irradiate                Conj/Tmut      0%         3d11      100%        5
 Lee's Rapid Deconstruct  Erth           0%         3d4*      100%        5
 Death Channel            Necr           0%         N/A       100%        6
 Statue Form              Tmut/Erth      0%         N/A       100%        6
 Discord                  Hex            0%         N/A       100%        8


Dungeon Overview and Level Annotations

Branches:
Dungeon (11/15)            Temple (0/1) D:7            Lair (0/5) D:8
    Orc (0/2) D:10

Portals:
Gauntlet: D:11

Annotations:
D:2 1 runed translucent door, Crazy Yiuf
D:9 1 runed translucent door, kd29's ghost, novice DsTm
D:11 Josephine


Innate Abilities, Weirdness & Mutations

You have an increased reservoir of magic. (+10% MP)
You shall have no god before yourself.
Your divine heritage dramatically boosts your attributes as you level up.


Message History

Unknown command.
Unknown command.
Unknown command.
Unknown command.
Okay, then.
Unknown command.
Josephine hits you but does no damage.
Items here: ))) [[ †.
Unknown command.
Unknown command.
Throw: throwing net
Press: ? - help, Shift-Dir - straight line, f - Josephine
Aim: Josephine, wielding a +0 dagger and wearing a +2 robe of resistance (64% to hit)
You throw a throwing net. The throwing net hits Josephine.
Josephine is caught in the net!
Josephine struggles against the net.
You pummel Josephine!!
Josephine is heavily wounded.
Josephine struggles against the net.
You block the orange demon's attack.
You hit Josephine but do no damage.
Josephine is heavily wounded.
Josephine casts a spell at you.
The ghostly flame explodes!
The ghostly fireball engulfs you!!
You feel drained.
* * * LOW HITPOINT WARNING * * *
The ghostly fireball engulfs Josephine.
Josephine completely resists.
Josephine struggles against the net.
The orange demon closely misses you.
Unknown command.
Unknown command.
Unknown command.
Unknown command.
Unknown command.
Unknown command.
Unknown command.
Unknown command.
Unknown command.
Okay, then.
Unknown command.
You feel yourself speed up. The orange demon stings you from afar!
You die...

***,,,,..............#
,,*,,,,∩.............#
*,*,,,,.....W@W......#
,,,,,,,..............#
*,*,,,,###########W### *,*,,,,*
#.# ***** *,**,,,* #######.#
*,,,*
*,***+*****#....##4#######***,*,*
,,,,,,,,,,,+....@@W>......,,,,*,*
*****,*****#....##..######*****,*
*,* #....##..# *,,,,,*
**,*****#....##..# *,*****
*,,,*,,......##..# *,*
****,,,*,.......##..# *,*
,,,,,,,*,....#####..#######,*
,***,,,*,....* #..........,*
,**,,,******** ###.#######**


You could see Josephine (caught), an orange demon and a wraith.

Vanquished Creatures
  A gargoyle (D:10)
  A komodo dragon (D:5)
  A troll (D:10)
  Prince Ribbit (D:8)
  2 shadows
  3 wraiths
  9 yaks
  A small abomination (Abyss:1)
  A neqoxec (Abyss:1)
  A steam dragon (D:7)
  A swamp worm (D:10)
  A warg (D:10)
  An acid dragon (D:10)
  3 water moccasins
  7 orc warriors
  6 black bears
  An ice beast (D:7)
  An ogre (D:7)
  3 centaurs
  2 kobold brigands
  6 bullfrogs (D:8)
  A necrophage (D:6)
  A gnoll sergeant (D:5)
  A scorpion (D:4)
  13 wights
  14 killer bees
  2 howler monkeys
  2 jellies
  15 orc priests
  3 hounds
  3 iguanas
  Natasha (twice) (D:2)
  9 orc wizards
  Robin (D:2)
  5 gnolls (D:6)
  6 adders
  A white imp (D:7)
  3 ufetubi
  6 worms
  The ghost of petzl the Sneak, a weakling FoDe (D:7)
  2 dart slugs (D:2)
  76 orcs
  7 bats
  13 endoplasms
  8 giant cockroaches
  17 goblins
  13 hobgoblins
  5 quokkas
  7 ball pythons
  5 frilled lizards
  17 kobolds
  7 rats
319 creatures vanquished.

Vanquished Creatures (collateral kills)
  A water moccasin (D:8)
  A bullfrog (D:8)
2 creatures vanquished.

Vanquished Creatures (others)
  A hornet (D:8)
  13 fungi
  15 plants (D:8)
29 creatures vanquished.

Grand Total: 350 creatures vanquished

Notes
Turn   | Place    | Note
-------+----------+-------------------------------------------
     0 | D:5      | drugrobin the Demigod Delver began the quest for the Orb.
     0 | D:5      | Reached XP level 1. HP: 18/18 MP: 3/3
   152 | D:4      | Noticed a black bear
   188 | D:4      | Reached skill level 2 in Unarmed Combat
   355 | D:4      | Noticed a scorpion
   428 | D:2      | Identified the +6 hammer of Profit {pain, Str+3 Dex+2}
   487 | D:1      | Reached XP level 2. HP: 25/25 MP: 4/4
   649 | D:1      | Reached skill level 3 in Unarmed Combat
  1062 | D:1      | Reached XP level 3. HP: 29/30 MP: 5/5
  1561 | D:2      | Noticed Robin
  1588 | D:2      | Killed Robin
  1604 | D:1      | Reached skill level 4 in Unarmed Combat
  1829 | D:2      | Reached XP level 4. HP: 37/37 MP: 6/6
  2170 | D:2      | Noticed Natasha
  2178 | D:2      | Killed Natasha
  2179 | D:2      | Reached skill level 5 in Unarmed Combat
  2234 | D:2      | Found a runed translucent door.
  2235 | D:2      | Noticed Crazy Yiuf
  2321 | D:2      | Noticed Natasha
  2327 | D:2      | Killed Natasha
  2328 | D:2      | Reached XP level 5. HP: 42/42 MP: 7/7
  2875 | D:3      | Identified the +10 short sword "Inezxace" {drain, rF+
                  | Dex+4}
  3208 | D:4      | Noticed a black bear
  3221 | D:4      | Killed a black bear
  3222 | D:4      | Reached XP level 6. HP: 48/51 MP: 8/8
  3463 | D:5      | Reached skill level 6 in Unarmed Combat
  3590 | D:5      | Identified the +5 dagger of the Depths {chaos, rPois rN+
                  | Str+3}
  3679 | D:5      | Found a large runed translucent door.
  3679 | D:5      | Found a large runed translucent door.
  3859 | D:5      | Noticed a komodo dragon
  3980 | D:5      | Reached XP level 7. HP: 19/60 MP: 9/9
  4618 | D:5      | Killed a komodo dragon
  4619 | D:5      | Reached skill level 5 in Fighting
  4619 | D:5      | Reached skill level 7 in Unarmed Combat
  5007 | D:4      | Reached XP level 8. HP: 70/70 MP: 10/10
  5797 | D:7      | Reached skill level 8 in Unarmed Combat
  5820 | D:7      | Found a staircase to the Ecumenical Temple.
  6080 | D:7      | Reached skill level 9 in Unarmed Combat
  6313 | D:7      | Reached XP level 9. HP: 74/76 MP: 11/11
  6801 | D:8      | Found a runed translucent gate.
  6801 | D:8      | Found a runed translucent gate.
  6801 | D:8      | Found a runed translucent gate.
  6935 | D:8      | Reached skill level 10 in Unarmed Combat
  6967 | D:8      | Found a staircase to the Lair.
  7054 | D:8      | Identified the +0 ring mail of Dim Light {rCorr Int+3
                  | Dex+3}
  7259 | D:8      | Noticed Prince Ribbit
  7287 | D:8      | Killed Prince Ribbit
  7430 | D:8      | Noticed petzl's ghost (weakling FoDe)
  7553 | D:7      | Killed petzl's ghost
  7687 | D:8      | Identified the +4 ring mail "Zemn" {-Tele rN+++ Will-
                  | Regen+}
  7873 | D:8      | Reached XP level 10. HP: 82/91 MP: 13/13
  8450 | D:9      | Reached skill level 11 in Unarmed Combat
  8586 | D:9      | Reached skill level 10 in Fighting
  8652 | Abyss:1  | Cast into level 1 of the Abyss (orc priest)
  8765 | Abyss:1  | Noticed a starcursed mass
  8766 | Abyss:1  | Noticed a bone dragon
  8774 | Abyss:1  | Noticed a starcursed mass
  8792 | D:9      | Escaped the Abyss
  9167 | D:9      | Found a runed translucent door.
  9167 | D:9      | Noticed a +2 hand axe of chaos
  9167 | D:9      | Noticed kd29's ghost (novice DsTm)
  9535 | D:10     | Entered Level 10 of the Dungeon
  9843 | D:10     | Found a staircase to the Orcish Mines.
 10449 | D:10     | Reached skill level 12 in Unarmed Combat
 10924 | D:10     | Noticed a two-headed ogre
 10929 | D:10     | a two-headed ogre changed into a swamp worm
 11186 | D:11     | Noticed Josephine
 11187 | D:11     | Found a gate leading to a gauntlet.
 11206 | D:11     | Reached XP level 11. HP: 23/91 MP: 14/14
 11209 | D:11     | HP: 3/87 [Josephine/ghostly fireball (22)]
 11210 | D:11     | Mangled by an orange demon

Illustrated notes

Levels and vault maps discovered:
D:1:      kennysheep_arrival_seaside, layout_basic,
          dreamdust_ecumenical_altar_hidden_monk_grotto, minmay_pentomino_v2
D:2:      layout_basic, kennysheep_generic_room_14, uniq_crazy_yiuf_cottage,
          uniq_robin, uniq_natasha
D:3:      layout_rooms, mainiacjoe_overflow_paths, lemuel_round_altar,
          minmay_circle_x
D:4:      layout_basic, nicolae_gozag_cash_rules_everything_around_me,
          mainiacjoe_overflow_six_doors_small, minmay_misc_feat_more_columns,
          kennysheep_generic_room_6
D:5:      due_chaos_kobolds, layout_loops_cross, minmay_chambers_of_fives
D:6:      layout_gridville, amcnicky_altar_gilded, tso_metal_star,
          nicolae_lava_and_water, minmay_holes, kennysheep_generic_room_11
D:7:      layout_cave_pools, nicolae_vehumet_radiance,
          nicolae_dithmenos_the_darkroom, nemelex_dance_club_becter,
          minmay_temple_entry_gardened_gates, grunt_ministairs_12
D:8:      layout_cave_pools, due_lair_maze_entry_diamond,
          gammafunk_ghost_spectres, uniq_prince_ribbit1
D:9:      layout_roguey [special_room_orc], ebering_ghost_xom,
          kennysheep_doodads
D:10:     layout_loops_ring, worldfamousw_hep_ancestral_shrine,
          grunt_temple_overflow_open, old_standard_altar, erik_orc_4,
          special_room [special_room_orc]
D:11:     layout_basic, gauntlet_entry_generic, dk_noncrumbling_2,
          uniq_josephine, uniq_amaemon

Skill      XL: |  1  2  3  4  5  6  7  8  9 10 |
---------------+-------------------------------+-----
Unarmed Combat | 2 3 4 5 6 7 9 10 12 | 12.4
Fighting       | 3 4 5 7 9 10 | 10.8
Dodging        | |  1.7
Stealth        | |  4.5

Action                   |  1- 3 |  4- 6 |  7- 9 | 10-12 || total
-------------------------+-------+-------+-------+-------++-------
Melee: Unarmed           |    21 |       |    54 |   357 ||   432
       Mace              |   137 |    79 |       |       ||   216
       Punch             |     3 |       |       |       ||     3
       Short sword       |       |    83 |   228 |       ||   311
 Fire: Sling             |       |       |       |     2 ||     2
Throw: Dart              |       |     4 |     5 |       ||     9
       Boomerang         |       |       |     6 |    13 ||    19
       Throwing net      |       |       |       |     1 ||     1
Evoke: Wand              |       |     3 |     5 |     2 ||    10
  Use: Scroll            |     1 |       |     1 |    13 ||    15
       Potion            |       |       |       |     1 ||     1
 Stab: Sleeping          |     1 |       |       |       ||     1
Armor: Chain mail        |   130 |   127 |   178 |   114 ||   549
       Leather armour    |     3 |       |       |       ||     3
Dodge: Dodged            |    79 |    59 |    97 |   100 ||   335
Block: Buckler           |    23 |    32 |    63 |   133 ||   251
       Reflection        |       |       |     2 |     1 ||     3

Table legend: (Time is in decaauts)
 A = Elapsed time spent in this place.
 B = Non-inter-level travel time spent in this place.
 C = Inter-level travel time spent in this place.
 D = Time resting spent in this place.
 E = Time spent auto-exploring this place.
 F = Levels seen in this place.
 G = Mean time per level.
                   A        B        C        D        E       F      G
               +--------+--------+--------+--------+--------+-----+--------+
         Total |  11267 |  10788 |    479 |   1431 |   6295 |  12 |  938.9 |
       Dungeon |  11131 |  10652 |    479 |   1431 |   6295 |  11 | 1011.9 |
         Abyss |    135 |    135 |      0 |      0 |      0 |   1 |  135.0 |
               +--------+--------+--------+--------+--------+-----+--------+

Top non-repeatable levels by time:
    D:10: 1479 daAuts
     D:5: 1413 daAuts
     D:8: 1349 daAuts
     D:7: 1296 daAuts
     D:1: 1196 daAuts
     D:9: 1091 daAuts
     D:4: 1061 daAuts
     D:2: 911 daAuts
     D:6: 634 daAuts
     D:3: 591 daAuts
 Abyss:1: 135 daAuts
    D:11: 106 daAuts
